 Dungeon Crawl Stone Soup version 0.19-a0-1922-g1e9a4c1 (webtiles) character file.

10299 Lochraine the Mender (level 11, -7/69 HPs)
             Began as a Tengu Fighter on Oct 24, 2016.
             Was a Priest of Elyvilon.
             Mangled by a blink frog (11 damage)
             ... on level 1 of the Lair of Beasts.
             The game lasted 00:30:44 (10571 turns).

Lochraine the Mender (Tengu Fighter)               Turns: 10571, Time: 00:30:45

Health: -7/69      AC: 15    Str: 19    XL:     11   Next: 59%
Magic:  28/28      EV: 13    Int:  9    God:    Elyvilon [***...]
Gold:   420        SH:  0    Dex: 14    Spells: 0 memorised, 10 levels left

rFire  . . .     SeeInvis .     y - +2 lajatang (speed)
rCold  . . .     Gourm    .     Q - +2 scale mail of the Lost Path {MR+ rCorr}
rNeg   . . .     Faith    .     (shield currently unavailable)
rPois  .         Spirit   .     O - +1 hat
rElec  .         Reflect  .     w - +1 cloak
rCorr  +         Harm     .     C - +0 pair of gloves
MR     +....                    (boots unavailable)
Stlth  ..........               g - amulet of rage
                                (no ring)
                                o - ring of magical power

@: exhausted, slowed, very slow
A: beak, talons 3, able to fly 1
a: Fly, Lesser Healing, Heal Other, Purification, Divine Protection, Renounce
Religion, Evoke Berserk Rage


You were on level 1 of the Lair of Beasts.
You worshipped Elyvilon.
Elyvilon was most pleased with you.
You were not hungry.

You visited 2 branches of the dungeon, and saw 10 of its levels.

You collected 459 gold pieces.
You spent 39 gold pieces at shops.

Inventory:

Hand Weapons
 a - a +0 long sword
 v - a +1 short sword of protection
 y - a +2 lajatang of speed (weapon)
Armour
 c - a +0 shield
 w - a +1 cloak (worn)
 z - a +0 plate armour
 C - a +0 pair of gloves (worn)
 O - a +1 hat (worn)
 Q - the +2 scale mail of the Lost Path (worn) {MR+ rCorr}
   (You found it on level 1 of the Lair of Beasts)

   It affects your resistance to hostile enchantments.
   It protects you from acid and corrosion.
 S - a +0 ring mail of cold resistance
Magical Staves
 n - an uncursed staff of poison
Jewellery
 g - an amulet of rage (around neck)
 o - a ring of magical power (left hand)
Wands
 F - a wand of acid (8/15)
 H - a wand of iceblast (11/15)
 I - a wand of polymorph (6/24)
 L - a wand of lightning (9/15)
 R - a wand of slowing (27/48)
Scrolls
 h - 2 scrolls of amnesia {unknown}
 i - 5 scrolls of magic mapping
 k - a scroll of recharging
 l - 3 scrolls of remove curse
 r - 2 scrolls of fog
 s - 2 scrolls of teleportation
 t - 4 scrolls of identify
 D - a scroll of brand weapon {unknown}
 G - 2 scrolls of random uselessness {unknown}
 K - a scroll of enchant weapon {unknown}
 P - a scroll of noise {unknown}
Potions
 d - a potion of might
 e - 2 potions of brilliance
 m - 2 potions of curing
 p - a potion of resistance
 q - a potion of mutation {unknown}
 u - a potion of heal wounds {unknown}
 A - a potion of haste
 B - a potion of magic {unknown}
 E - a potion of flight {unknown}
 J - 4 potions of agility {unknown}
 M - a potion of cancellation {unknown}
 T - 2 potions of degeneration {unknown}
Comestibles
 f - 8 bread rations
 j - 3 meat rations
 N - 2 slices of pizza


   Skills:
 - Level 8.4 Fighting
 - Level 3.5 Long Blades
 + Level 7.7 Staves
 + Level 8.8 Armour
 + Level 5.7 Dodging
 - Level 4.0 Shields
 * Level 9.5 Invocations
 + Level 2.4 Evocations


You had 10 spell levels left.
You didn't know any spells.

Dungeon Overview and Level Annotations

Branches:
Dungeon (9/15)             Temple (0/1) D:4            Lair (1/6) D:8
    Orc: D:9-12

Altars:
Ashenzari
Elyvilon
Fedhas
Kikubaaqudgha
Yredelemnul

Shops:
D:4 !   D:5 (   D:8 [


Innate Abilities, Weirdness & Mutations

You have a beak for a mouth.
You have claws for feet.
You can fly.


Message History

The blink frog hits you but does no damage. x2
The blink frog hits you.
* * * LOW HITPOINT WARNING * * *
The blink frog hits you.
* * * LOW HITPOINT WARNING * * *
The blink frog blinks!
The blink frog hits you. Elyvilon protects you from harm!
The blink frog blinks!
Okay, then.
As you read the scroll of teleportation, it crumbles to dust.
You feel strangely unstable. The blink frog hits you.
* * * LOW HITPOINT WARNING * * *
The blink frog blinks! x2; The blink frog closely misses you.
Your surroundings suddenly seem different.
The blink frog blinks!
The blink frog blinks!
The blink frog blinks!
Your divine protection fades away.
The blink frog hits you!
You die...

##......####÷#.........
#.......#
#..#.......+..
##......#
##......F..#P#
#.......# #.'.......#
.###P+### ###....F..#
#F.F..# #####.+##
#'P##.## #.....#
..>....# ##+#.##
..F....# #.@F.#
.......# #.....#
.......# ....+.....#
.......# #... #....+..
.......# ..# #....####
.......+ . #....#
.....♣.. #....# +##...
#....#


You could see a blink frog.

Vanquished Creatures
  The ghost of wazuzu the Cruncher, a journeyman DsGl of Nemelex Xobeh (Lair:1)
  A hill giant (D:8)
  Psyche (D:8)
  Joseph (D:8)
  3 spiny frogs (Lair:1)
  The ghost of Slowdrip the Reanimator, a novice DsNe (D:6)
  A komodo dragon (D:8)
  A troll (D:9)
  Prince Ribbit (D:6)
  2 blink frogs (Lair:1)
  Eustachio (D:6)
  Grum (D:8)
  10 yaks
  A hungry ghost (D:7)
  A steam dragon (D:7)
  5 water moccasins
  3 ice beasts
  3 phantoms
  A necrophage (D:7)
  A sky beast (D:6)
  5 ogres
  2 wolves (D:8)
  2 centaurs (D:8)
  A crocodile (Lair:1)
  A big kobold (D:9)
  4 bullfrogs
  2 scorpions
  3 killer bees (D:8)
  3 howler monkeys
  3 wights (D:6)
  A vampire bat (D:5)
  2 crimson imps
  2 jellies
  2 quasits
  2 centaur skeletons
  3 orc priests
  7 hounds
  4 orc wizards
  An iguana (D:9)
  5 worker ants
  2 hound zombies
  3 worker ant zombies
  10 adders
  A shadow imp (D:8)
  2 oozes
  3 worms (D:2)
  10 dart slugs
  4 leopard geckos
  26 orcs
  5 ball pythons
  13 bats
  5 giant cockroaches
  9 goblins
  2 hobgoblins
  5 quokkas
  4 frilled lizards
  A giant cockroach zombie (D:6)
  A jackal skeleton (D:7)
  A jackal zombie (D:7)
  11 kobolds
  A quokka skeleton (D:5)
  11 rats
225 creatures vanquished.

Vanquished Creatures (others)
  A spiny frog (Lair:1)
  2 fungi (Lair:1)
  5 plants
8 creatures vanquished.

Grand Total: 233 creatures vanquished

Notes
Turn   | Place    | Note
-------+----------+-------------------------------------------
     0 | D:1      | Lochraine the Tengu Fighter began the quest for the Orb.
     0 | D:1      | Reached XP level 1. HP: 14/14 MP: 2/2
    45 | D:1      | Reached XP level 2. HP: 10/19 MP: 3/3
   847 | D:2      | Reached XP level 3. HP: 16/23 MP: 4/4
   894 | D:2      | HP: 1/23 [worm (9)]
  1507 | D:2      | Found a shattered altar of Ashenzari.
  1640 | D:2      | Reached XP level 4. HP: 4/29 MP: 5/5
  2560 | D:3      | Gained mutation: You can fly. [Tengu growth]
  2560 | D:3      | Reached XP level 5. HP: 31/33 MP: 6/6
  2873 | D:3      | Found an ancient bone altar of Kikubaaqudgha.
  2873 | D:3      | Found a basalt altar of Yredelemnul.
  2878 | D:3      | Found a blossoming altar of Fedhas.
  2878 | D:3      | Found a white marble altar of Elyvilon.
  2886 | D:3      | Became a worshipper of Elyvilon the Healer
  3529 | D:4      | Reached skill level 1 in Invocations
  3541 | D:4      | Reached * piety under Elyvilon
  3563 | D:4      | Reached XP level 6. HP: 33/39 MP: 7/7
  3685 | D:4      | Found a staircase to the Ecumenical Temple.
  4008 | D:4      | Reached skill level 1 in Staves
  4008 | D:4      | Reached skill level 1 in Dodging
  4029 | D:4      | Reached skill level 2 in Invocations
  4037 | D:4      | Reached XP level 7. HP: 39/44 MP: 9/9
  4179 | D:4      | Found Qorouk Egor's Distillery.
  4185 | D:4      | Bought a potion of curing for 39 gold pieces
  4264 | D:5      | Entered Level 5 of the Dungeon
  4373 | D:5      | Found Sirghe Soisi's Antique Weapon Shoppe.
  4485 | D:5      | Reached skill level 5 in Fighting
  4526 | D:5      | Reached ** piety under Elyvilon
  4687 | D:5      | Reached skill level 3 in Invocations
  4929 | D:5      | Reached XP level 8. HP: 47/49 MP: 11/11
  5530 | D:6      | Reached skill level 5 in Armour
  5701 | D:6      | Noticed Slowdrip's ghost (novice DsNe)
  5728 | D:6      | Reached skill level 4 in Invocations
  5871 | D:6      | Killed Slowdrip's ghost
  5887 | D:6      | Noticed Prince Ribbit
  5895 | D:6      | Killed Prince Ribbit
  5895 | D:6      | Reached skill level 5 in Invocations
  5895 | D:6      | Reached XP level 9. HP: 55/55 MP: 13/13
  5964 | D:6      | Noticed Eustachio
  5977 | D:6      | Killed Eustachio
  6278 | D:7      | Reached *** piety under Elyvilon
  6535 | D:7      | Reached skill level 6 in Invocations
  7108 | D:8      | Reached skill level 5 in Staves
  7115 | D:8      | Noticed a hill giant
  7122 | D:8      | Killed a hill giant
  7122 | D:8      | Reached XP level 10. HP: 35/63 MP: 16/16
  7179 | D:8      | Noticed Psyche
  7192 | D:8      | Killed Psyche
  7192 | D:8      | Reached skill level 7 in Invocations
  7552 | D:8      | Found a staircase to the Lair.
  7656 | D:8      | Found Moaheroz's Armour Shoppe.
  7667 | D:8      | Noticed Joseph
  7680 | D:8      | Killed Joseph
  7858 | D:8      | Noticed Grum
  7879 | D:8      | Killed Grum
  8037 | D:8      | Reached skill level 8 in Invocations
  8238 | D:8      | You fall through a shaft!
  8537 | D:9      | Reached XP level 11. HP: 45/68 MP: 18/18
  8606 | D:9      | Reached **** piety under Elyvilon
  9479 | Lair:1   | Entered Level 1 of the Lair of Beasts
  9479 | Lair:1   | Noticed wazuzu's ghost (journeyman DsGl)
  9489 | Lair:1   | Killed wazuzu's ghost
  9489 | Lair:1   | Reached skill level 5 in Dodging
  9489 | Lair:1   | Reached skill level 9 in Invocations
  9489 | Lair:1   | Reached skill level 1 in Evocations
  9597 | Lair:1   | Got a pitted scale mail
  9608 | Lair:1   | Identified the +2 scale mail of the Lost Path {MR+ rCorr} (You found it on level 1 of the Lair of Beasts)
  9839 | Lair:1   | HP: 3/69 [blink frog (3)]
  9840 | Lair:1   | Elyvilon protects you from harm!
  9840 | Lair:1   | Elyvilon protects you from harm!
  9842 | Lair:1   | Elyvilon protects you from harm!
 10221 | Lair:1   | Noticed an eight-headed hydra
 10228 | Lair:1   | Pacified an eight-headed hydra
 10563 | Lair:1   | HP: 3/69 [blink frog (5)]
 10563 | Lair:1   | Elyvilon protects you from harm!
 10571 | Lair:1   | Mangled by a blink frog

Vault maps used:
D:1:      scummos_arrival_hexagon, minmay_tromino_v2
D:2:      nicolae_ashenzari_panopticon, minmay_misc_feat_encased
D:3:      grunt_temple_overflow_open, first_bread, minmay_distorted
D:4:      cheibrodos_helix_gallery, serial_shops, kennysheep_little_box
D:5:      serial_shops, nicolae_shop_behind_doors, grunt_ministairs_1,
          roderic_batcave
D:6:      glass_columns_a, uniq_prince_ribbit1, uniq_eustachio
D:8:      david_lair_shrubbed, serial_shops, kennysheep_mini_moat, uniq_psyche,
          uniq_joseph, uniq_grum
Lair:1:   grunt_forest_small_clearings, uniq_sonja

Skill      XL: |  1  2  3  4  5  6  7  8  9 10 11 |
---------------+----------------------------------+-----
Fighting       | 4 5 6 7 8 |  8.4
Long Blades    | 3 |  3.5
Armour         | 4 5 6 8 |  8.8
Invocations    | 1 2 3 5 6 8 9 |  9.5
Shields        | 4 |  4.0
Staves         | 1 2 4 5 6 7 |  7.7
Dodging        | 1 2 3 4 5 |  5.7
Evocations     | 2 |  2.4

Action                   |  1- 3 |  4- 6 |  7- 9 | 10-12 || total
-------------------------+-------+-------+-------+-------++-------
Melee: Long sword        |    91 |   137 |       |       ||   228
       Kick              |    25 |    58 |    75 |    79 ||   237
       Peck              |    20 |    30 |    43 |    59 ||   152
       Lajatang          |       |    36 |   274 |   271 ||   581
Invok: Heal Other        |       |       |     1 |     4 ||     5
       Lesser Healing    |       |       |       |     5 ||     5
       Divine Protection |       |       |       |     3 ||     3
       Purification      |       |       |       |     2 ||     2
       Greater Healing   |       |       |       |     2 ||     2
 Abil: Evoke Berserk Rag |       |     1 |       |     4 ||     5
       Fly               |       |       |       |     2 ||     2
Evoke: Wand              |       |       |     1 |     1 ||     2
  Use: Scroll            |     1 |     3 |     4 |     3 ||    11
       Potion            |     2 |       |     1 |     1 ||     4
  Eat: Chunk             |     2 |     9 |     9 |    14 ||    34
       Meat ration       |       |       |     1 |     1 ||     2
       Pizza             |       |       |       |     1 ||     1
       Beef jerky        |       |       |       |     1 ||     1
Armor: Scale mail        |    22 |    67 |       |    22 ||   111
       Plate armour      |       |    15 |   150 |    64 ||   229
       Ring mail         |       |       |       |    11 ||    11
Dodge: Dodged            |    26 |    56 |    74 |   161 ||   317
Block: Shield            |    42 |    89 |       |       ||   131
       Rpst.: Long sword |     7 |    18 |       |       ||    25
